 Dungeon Sprint DCSS version 0.28.0-53-g5a82cb258f (webtiles) character file.

Game seed: 9246395169786075713

172 Zeld the Cleaver (level 5, 0/78 HPs)
             Began as a Minotaur Berserker on June 16, 2022.
             Was a Priest of Trog.
             Slain by a human (11 damage)
             ... in the Dungeon (Sprint III: "The Ten Rune Challenge").
             The game lasted 00:00:46 (771 turns).

Zeld the Cleaver (Minotaur Berserker)                Turns: 771, Time: 00:00:46

Health: 0/78       AC:  3    Str: 24    XL:     5   Next: 27%
Magic:  4/4        EV: 13    Int:  4    God:    Trog [***...]
Gold:   38         SH:  0    Dex:  9    Spells: 4/4 levels left

rFire   . . .      SeeInvis .   a - +0 hand axe
rCold   . . .      Faith    .   (no shield)
rNeg    . . .      Spirit   .   b - +0 animal skin
rPois   .          Reflect  .   (helmet restricted)
rElec   .          Harm     .   i - +0 cloak
rCorr   .          Rampage  .   (no gloves)
Will    .....      NoTele   +   (no boots)
Stlth   ..........              (no amulet)
HPRegen 0.23/turn               (no ring)
MPRegen 0.09/turn               (no ring)

@: berserking, very quick
A: horns 2, retaliatory headbutt
a: Renounce Religion, Berserk, Trog's Hand


You were in the Dungeon.
You worshipped Trog.
Trog was most pleased with you.
You visited 1 branch You collected 38 gold pieces.

Inventory:

Hand Weapons
 a - a +0 hand axe (weapon)
Armour
 b - a +0 animal skin (worn)
 i - a +0 cloak (worn)
Scrolls
 h - a scroll of blinking
 j - a scroll of holy word {unknown}
 k - 3 scrolls of identify
 n - a scroll of torment {unknown}
Potions
 c - 2 potions of curing
 d - a potion of heal wounds
 e - a potion of haste
 f - 2 potions of magic
 g - a potion of berserk rage
 l - a potion of resistance {unknown}
 m - a potion of flight {unknown}
 o - 5 potions of mutation


   Skills:
 + Level 7.4 Fighting
 * Level 9.9 Axes
 - Level 2.4 Armour
 + Level 6.2 Dodging


You had 4 spell levels left.
You didn't know any spells.
Your spell library was empty.

Dungeon Overview and Level Annotations

Branches:
Dungeon (1/1)

Altars:
Kikubaaqudgha
Okawaru
Sif Muna
Trog
Uskayaw
Vehumet
Wu Jian
Beogh


Innate Abilities, Weirdness & Mutations

You have a pair of horns on your head.
You reflexively headbutt those who attack you in melee.


Message History

There is an open door here.
You closely miss the human. You hit the human. You closely miss the human.
Your headbutt misses the human.
The human is lightly wounded.
You hit the human but do no damage. The human closely misses you.
The human hits you.
Unknown command.
You hit the human but do no damage.
The human is lightly wounded.
You hit the human. The human hits you.
The human drinks a potion.
The human seems to grow stronger.
You hit the human. You headbutt the human!
The human is heavily wounded.
You hit the human but do no damage. The human closely misses you.
You furiously retaliate!
You headbutt the human! The human hits you.
Unknown command.
You closely miss the human.
The human is almost dead.
You hit the human but do no damage. You closely miss the human.
The human is almost dead.
You hit the human.
The human drinks a potion.
The human goes berserk!
The human closely misses you.
You hit the human but do no damage.
The human is almost dead.
You closely miss the human. The human closely misses you. The human hits you.
You closely miss the human.
The human is almost dead.
You closely miss the human. The human hits you! x2
* * * LOW HITPOINT WARNING * * *
The human barely misses you.
Unknown command.
You are too injured to fight recklessly!
Unknown command.
You are too injured to fight recklessly!
A red film seems to cover your vision as you go berserk!
You feel yourself moving faster!
You feel mighty! The human hits you!
* * * LOW HITPOINT WARNING * * *
The human hits you!
You die...

▓▓ ▓▓▓ .#### ##.# #####
....#####..# #___#
.....#..#..# #pp)#
##...#..#..###+#@###+##
###..##'#..#..........#
.##..###...'.⌠........#
##.÷####...#...######+#
##..###....#.⌠.#
#...##.....#...#
....#.)....#'###
..##.#.....#)::#
..#####....#___#


You could see 2 humans.

Vanquished Creatures
  A water elemental (D)
  Crazy Yiuf (D)
  Jessica (D)
  A wizard (D)
  A human (D)
  A kobold demonologist (D)
  2 endoplasms (D)
  A rat (D)
9 creatures vanquished.

Notes
Turn   | Place    | Note
-------+----------+-------------------------------------------
     0 | D        | Zeld the Minotaur Berserker began the quest for the Orb.
     0 | D        | Reached XP level 1. HP: 19/19 MP: 0/0
    10 | D        | Reached skill level 4 in Axes
    29 | D        | Noticed Jessica
    36 | D        | Killed Jessica
    36 | D        | Reached ** piety under Trog
    37 | D        | Reached skill level 5 in Fighting
    37 | D        | Reached skill level 6 in Axes
    37 | D        | Reached XP level 2. HP: 25/29 MP: 1/1
    37 | D        | Reached XP level 3. HP: 31/36 MP: 2/2
    92 | D        | Noticed Crazy Yiuf
    96 | D        | Killed Crazy Yiuf
    97 | D        | Reached skill level 7 in Axes
    99 | D        | Reached XP level 4. HP: 44/44 MP: 3/3
   447 | D        | Noticed a water elemental
   453 | D        | Killed a water elemental
   453 | D        | Reached *** piety under Trog
   454 | D        | Reached skill level 9 in Axes
   454 | D        | Reached skill level 5 in Dodging
   653 | D        | Found a radiant altar of Vehumet.
   653 | D        | Found a shimmering blue altar of Sif Muna.
   653 | D        | Found an ancient bone altar of Kikubaaqudgha.
   653 | D        | Noticed a wizard
   660 | D        | Noticed a chaos spawn
   661 | D        | Killed a wizard
   662 | D        | Reached XP level 5. HP: 45/52 MP: 4/4
   761 | D        | Found a hide-covered altar of Uskayaw.
   761 | D        | Found an iron altar of Okawaru.
   761 | D        | Found a bloodstained altar of Trog.
   761 | D        | Found an ornate altar of the Wu Jian Council.
   761 | D        | Noticed a human
   762 | D        | Noticed a human
   771 | D        | Slain by a human

Illustrated notes

Levels and vault maps discovered:
D:        dungeon_sprint_mu [sprint_mu_entry_cave, sprint_mu_temple_rooms,
          sprint_mu_d1_spiders, sprint_mu_d2_genie, sprint_mu_d3_branching,
          sprint_mu_orc_legion, sprint_mu_elf_gauntlet, sprint_mu_hive_nellie,
          sprint_mu_lair_fedhas, sprint_mu_vaults_butterflies,
          sprint_mu_slime_circle, sprint_mu_swamp_cave, sprint_mu_snake_twists,
          sprint_mu_blade_basic, sprint_mu_crypt_fortress,
          sprint_mu_tomb_spiral, sprint_mu_vestibule_basic,
          sprint_mu_gehenna_hellfire, sprint_mu_dis_giant,
          sprint_mu_tartarus_statrot, sprint_mu_cocytus_islands, sprint_mu_zot1]

Skill      XL: |  1  2  3  4 |
---------------+-------------+-----
Axes           | 6 7 9 |  9.9
Fighting       | 5 6 7 |  7.4
Dodging        | 3 4 6 |  6.2
Armour         | |  2.4

Action                   |  1- 3 |  4- 6 || total
-------------------------+-------+-------++-------
Melee: Hand axe          |    14 |    21 ||    35
       Headbutt          |     2 |     1 ||     3
Invok: Berserk           |     1 |     2 ||     3
 Stab: Sleeping          |     1 |       ||     1
Armor: Animal skin       |     1 |     3 ||     4
Dodge: Dodged            |     5 |    14 ||    19
